3AAA
PORT ROYAL DISASTER @ HAMILTON COYOTES
08/30/2033
 
TOP OF THE 1ST
Port Royal Disaster batting - Pitching for Hamilton Coyotes : LHP Ken Clarke
Pitching: LHP Ken Clarke
Batting: LHB Joey Coco 0-0: Ball
1-0: Called Strike
1-1: Foul Ball, location: 2F
1-2: Strikes out swinging
Batting: LHB Vicente Gonzáles 0-0: Ball
1-0: Called Strike
1-1: Called Strike
1-2: Fly out, F7 (Flyball, 7D)
Batting: RHB Richard Cutshall 0-0: TRIPLE (Flyball, 78XD)
Batting: SHB Jasper Morrison 0-0: DOUBLE (Line Drive, 89XD)
Richard Cutshall scores
Batting: RHB Gary Chalmers 0-0: Ball
1-0: Ball
2-0: Ball
3-0: Base on Balls
Batting: LHB Bob Daugherty 0-0: Called Strike
0-1: Ball
1-1: Ball
2-1: Foul Ball, location: 2F
2-2: Foul Ball, location: 2F
2-2: Ball
3-2: Foul Ball, location: 2F
3-2: Base on Balls
Jasper Morrison to third
Gary Chalmers to second
Batting: LHB Spencer Powell 0-0: Ball
1-0: Fly out, F7 (Flyball, 7S)
Top of the 1st over - 1 run, 2 hits, 0 errors, 3 left on base; Port Royal 1 - Hamilton 0
BOTTOM OF THE 1ST
Hamilton Coyotes batting - Pitching for Port Royal Disaster : LHP Luis Vargas
Pitching: LHP Luis Vargas
Batting: LHB Ken Stroud 0-0: Ball
1-0: Foul Ball, location: 2F
1-1: Swinging Strike
1-2: Ball
2-2: Foul Ball, location: 2F
2-2: Ball
3-2: Base on Balls
Batting: RHB Duane Wills 0-0: Ball
1-0: Foul Ball, location: 2F
1-1: Ball
2-1: Fly out, F9 (Flyball, 9)
Batting: LHB Ed Mellor 0-0: Ball
1-0: Called Strike
1-1: Ball
2-1: Foul Ball, location: 2F
2-2: Ball
3-2: Fly out, F8 (Flyball, 8RD)
Batting: LHB Scot Willis 0-0: Called Strike
Ken Stroud steals 2nd base
0-1: Ground out 4-3 (Groundball, 4M)
Bottom of the 1st over - 0 runs, 0 hits, 0 errors, 1 left on base; Port Royal 1 - Hamilton 0
TOP OF THE 2ND
Port Royal Disaster batting - Pitching for Hamilton Coyotes : LHP Ken Clarke
Batting: RHB Steve Bock 0-0: Ball
1-0: SINGLE (Line Drive, 78S)
Batting: LHB Sisto Pagnamenta 0-0: Called Strike
0-1: Foul Ball, location: 2F
0-2: Strikes out swinging
Batting: LHB Joey Coco 0-0: Ball
1-0: Foul Ball, location: 2F
1-1: Ball
2-1: Ball
3-1: Base on Balls
Steve Bock to second
Batting: LHB Vicente Gonzáles 0-0: Ball
1-0: Called Strike
1-1: SINGLE (Groundball, 56D)
Steve Bock to third
Joey Coco to second
Batting: RHB Richard Cutshall 0-0: Ball
1-0: SINGLE (Groundball, 56S) (infield hit)
Steve Bock scores
Joey Coco to third
Vicente Gonzáles to second
Batting: SHB Jasper Morrison 0-0: Ball
1-0: Ball
2-0: Ball
3-0: Base on Balls
Joey Coco scores
Vicente Gonzáles to third
Richard Cutshall to second
Batting: RHB Gary Chalmers 0-0: Called Strike
0-1: DOUBLE (Line Drive, 8LXD)
Vicente Gonzáles scores
Richard Cutshall scores
Jasper Morrison to third
Batting: LHB Bob Daugherty 0-0: Ball
1-0: Ball
2-0: Swinging Strike
2-1: Ground out 6-3 (Groundball, 6)
Jasper Morrison scores
Pitching: RHP Ed Maresh
Batting: LHB Spencer Powell 0-0: Ground out 6-3 (Groundball, 6M)
Top of the 2nd over - 5 runs, 4 hits, 0 errors, 1 left on base; Port Royal 6 - Hamilton 0
BOTTOM OF THE 2ND
Hamilton Coyotes batting - Pitching for Port Royal Disaster : LHP Luis Vargas
Batting: RHB Jim Scott 0-0: Ball
1-0: Foul Ball, location: 2F
1-1: SINGLE (Line Drive, 9S)
Batting: SHB Martín Marrero 0-0: Ball
1-0: Called Strike
1-1: Foul Ball, location: 2F
1-2: Foul Ball, location: 2F
1-2: Ball
2-2: Ball
3-2: Foul Ball, location: 2F
3-2: Strikes out swinging
Batting: RHB Júlio Robles 0-0: Swinging Strike
0-1: Ball
1-1: Ball
2-1: Foul Ball, location: 2F
2-2: Ball
3-2: Base on Balls
Jim Scott to second
Batting: RHB Gerald Mills 0-0: Swinging Strike
0-1: Ball
1-1: Ball
2-1: Called Strike
2-2: Fly out, F9 (Flyball, 9LMF)
Batting: LHB Tony Rodríguez 0-0: Foul Ball, location: 2F
0-1: Ball
1-1: Swinging Strike
1-2: Strikes out swinging
Bottom of the 2nd over - 0 runs, 1 hit, 0 errors, 2 left on base; Port Royal 6 - Hamilton 0
TOP OF THE 3RD
Port Royal Disaster batting - Pitching for Hamilton Coyotes : RHP Ed Maresh
Batting: RHB Steve Bock 0-0: Foul Ball, location: 2F
0-1: Ball
1-1: SINGLE (Groundball, 6) (infield hit)
Batting: LHB Sisto Pagnamenta 0-0: Ball
1-0: Foul Ball, location: 2F
1-1: Ball
2-1: Foul Ball, location: 2F
2-2: Ball
3-2: Ground out 4-3 (Groundball, 4)
Steve Bock to second
Batting: LHB Joey Coco 0-0: Ball
1-0: Ball
2-0: Ball
3-0: Called Strike
3-1: SINGLE (Groundball, 3D)
Steve Bock to third
Runner from 3rd tries for Home, SAFE, no throw
Batting: LHB Vicente Gonzáles 0-0: Called Strike
Joey Coco steals 2nd base
0-1: Ball
1-1: Ball
2-1: Ball
3-1: Foul Ball, location: 2F
3-2: Foul Ball, location: 2F
3-2: Fly out, F7 (Flyball, 78M)
Batting: RHB Richard Cutshall 0-0: SINGLE (Groundball, 4MD)
Joey Coco to third
Runner from 3rd tries for Home, SAFE, throw made home
Batting: SHB Jasper Morrison 0-0: Ball
1-0: Ball
2-0: SINGLE (Flyball, 78S)
Richard Cutshall to second
Batting: RHB Gary Chalmers 0-0: SINGLE (Line Drive, 89M)
Richard Cutshall to third
Jasper Morrison to second
Batting: LHB Bob Daugherty 0-0: Foul Ball, location: 2F
0-1: Ball
1-1: SINGLE (Flyball, 9S)
Richard Cutshall scores
Jasper Morrison to third
Gary Chalmers to second
Runner from 3rd tries for Home, SAFE, no throw
Batting: LHB Spencer Powell 0-0: Foul Ball, location: 2F
0-1: Called Strike
0-2: Ball
1-2: Foul Ball, location: 2F
1-2: Strikes out swinging
Top of the 3rd over - 4 runs, 6 hits, 0 errors, 2 left on base; Port Royal 10 - Hamilton 0
BOTTOM OF THE 3RD
Hamilton Coyotes batting - Pitching for Port Royal Disaster : LHP Luis Vargas
Batting: LHB Ken Stroud 0-0: Ball
1-0: Foul Ball, location: 2F
1-1: Ball
2-1: Ball
3-1: Ground out 1-3 (Groundball, 13S)
Batting: RHB Duane Wills 0-0: Called Strike
0-1: Foul Ball, location: 2F
0-2: Foul Ball, location: 2F
0-2: Ground out 6-3 (Groundball, 6)
Batting: LHB Ed Mellor 0-0: Ball
1-0: DOUBLE (Line Drive, 89M)
Batting: LHB Scot Willis 0-0: Foul Ball, location: 2F
0-1: Ball
1-1: Ball
2-1: Foul Ball, location: 2F
2-2: Ball
3-2: Fly out, F6 (Popup, 6M)
Bottom of the 3rd over - 0 runs, 1 hit, 0 errors, 1 left on base; Port Royal 10 - Hamilton 0
TOP OF THE 4TH
Port Royal Disaster batting - Pitching for Hamilton Coyotes : RHP Ed Maresh
Batting: RHB Steve Bock 0-0: Ball
1-0: Ball
2-0: Swinging Strike
2-1: Ball
3-1: Base on Balls
Batting: LHB Sisto Pagnamenta 0-0: Ball
1-0: Called Strike
1-1: SINGLE (Groundball, 4M) (infield hit)
Steve Bock to second
Batting: LHB Joey Coco 0-0: Ball
1-0: Called Strike
1-1: Foul Ball, location: 2F
1-2: SINGLE (Groundball, 34S) (infield hit)
Steve Bock to third
Sisto Pagnamenta to second
Batting: LHB Vicente Gonzáles 0-0: Ball
1-0: Called Strike
1-1: Ball
2-1: Fly out, F9 (Line Drive, 9LM)
Runner from 3rd tags up, SCORES, no throw
Batting: RHB Richard Cutshall 0-0: Foul Ball, location: 2F
0-1: Ball
1-1: Ball
2-1: DOUBLE (Flyball, 89D)
Sisto Pagnamenta scores
Joey Coco to third
Batting: SHB Jasper Morrison 0-0: DOUBLE (Groundball, 3L)
Joey Coco scores
Richard Cutshall scores
Batting: RHB Gary Chalmers 0-0: Swinging Strike
0-1: Ground out 6-3 (Groundball, 56)
Batting: LHB Bob Daugherty 0-0: Called Strike
0-1: Ball
1-1: Swinging Strike
1-2: Fly out, F9 (Flyball, 9LMF)
Top of the 4th over - 4 runs, 4 hits, 0 errors, 1 left on base; Port Royal 14 - Hamilton 0
BOTTOM OF THE 4TH
Hamilton Coyotes batting - Pitching for Port Royal Disaster : LHP Luis Vargas
Batting: RHB Jim Scott 0-0: Ball
1-0: Foul Ball, location: 2F
1-1: Foul Ball, location: 2F
1-2: Ball
2-2: Foul Ball, location: 2F
2-2: Strikes out swinging
Batting: SHB Martín Marrero 0-0: Swinging Strike
0-1: Called Strike
0-2: Ball
1-2: Foul Ball, location: 2F
1-2: Strikes out looking
Batting: RHB Júlio Robles 0-0: Ball
1-0: Swinging Strike
1-1: Ball
2-1: Ball
3-1: Base on Balls
Batting: RHB Gerald Mills 0-0: Ball
Júlio Robles steals 2nd base
1-0: Called Strike
1-1: Ball
2-1: Foul Ball, location: 2F
2-2: Strikes out swinging
Bottom of the 4th over - 0 runs, 0 hits, 0 errors, 1 left on base; Port Royal 14 - Hamilton 0
TOP OF THE 5TH
Port Royal Disaster batting - Pitching for Hamilton Coyotes : RHP Ed Maresh
Pitching: LHP Francisco Jiménez
Batting: LHB Spencer Powell 0-0: Ball
1-0: SOLO HOME RUN (Flyball, 9LD), Distance : 329 ft
Batting: RHB Steve Bock 0-0: Foul Ball, location: 2F
0-1: Called Strike
0-2: Ball
1-2: Ball
2-2: Ball
3-2: Base on Balls
Batting: LHB Sisto Pagnamenta 0-0: SINGLE (Flyball, 8RS)
Steve Bock to second
Runner from 2nd tries for 3rd, SAFE, no throw
Batting: LHB Joey Coco 0-0: Ball
Pickoff Throw to First - Error! E1
Steve Bock scores
Sisto Pagnamenta to second
1-0: SINGLE (Groundball, 4D)
Sisto Pagnamenta to third
Batting: LHB Vicente Gonzáles 0-0: Ball
1-0: Ball
2-0: Called Strike
2-1: Ball
3-1: Base on Balls
Joey Coco to second
Batting: RHB Richard Cutshall 0-0: Foul Ball, location: 2F
0-1: Called Strike
0-2: Strikes out looking
Batting: SHB Jasper Morrison 0-0: Swinging Strike
0-1: Fly out, F9 (Flyball, 9LM)
Runner from 3rd tags up, SCORES, no throw
Batting: RHB Gary Chalmers 0-0: Called Strike
0-1: Ball
1-1: Called Strike
1-2: Ball
2-2: SINGLE (Line Drive, 6M)
Joey Coco to third
Vicente Gonzáles to second
Runner from 3rd tries for Home, SAFE, no throw
Batting: LHB Bob Daugherty 0-0: Ball
1-0: Ball
2-0: Swinging Strike
2-1: Ball
3-1: Foul Ball, location: 2F
3-2: Base on Balls
Vicente Gonzáles to third
Gary Chalmers to second
Batting: LHB Spencer Powell 0-0: Ball
1-0: Ball
2-0: Ball
3-0: Called Strike
3-1: Base on Balls
Vicente Gonzáles scores
Gary Chalmers to third
Bob Daugherty to second
Batting: RHB Steve Bock 0-0: Ball
1-0: Ground out 4-3 (Groundball, 4)
Top of the 5th over - 5 runs, 4 hits, 1 error, 3 left on base; Port Royal 19 - Hamilton 0
BOTTOM OF THE 5TH
Hamilton Coyotes batting - Pitching for Port Royal Disaster : LHP Luis Vargas
Batting: LHB Tony Rodríguez 0-0: Ball
1-0: Foul Ball, location: 2F
1-1: Foul Ball, location: 2F
1-2: Ball
2-2: Fly out, F8 (Flyball, 78D)
Pitching: LHP Magnus Scheving
Batting: LHB Ken Stroud 0-0: Ball
1-0: Called Strike
1-1: Swinging Strike
1-2: Strikes out looking
Batting: RHB Duane Wills 0-0: Ball
1-0: Foul Ball, location: 2F
1-1: Ball
2-1: Ball
3-1: Swinging Strike
3-2: Strikes out swinging
Bottom of the 5th over - 0 runs, 0 hits, 0 errors, 0 left on base; Port Royal 19 - Hamilton 0
TOP OF THE 6TH
Port Royal Disaster batting - Pitching for Hamilton Coyotes : LHP Francisco Jiménez
Batting: LHB Sisto Pagnamenta 0-0: Foul Ball, location: 2F
0-1: SINGLE (Groundball, 4M) (infield hit)
Batting: LHB Joey Coco 0-0: Ball
1-0: Ball
2-0: SINGLE (Groundball, 34) (infield hit)
Sisto Pagnamenta to second
Batting: LHB Vicente Gonzáles 0-0: Swinging Strike
0-1: Ball
1-1: Called Strike
1-2: Ball
2-2: SINGLE (Flyball, 7S)
Sisto Pagnamenta to third
Joey Coco to second
Batting: RHB Richard Cutshall 0-0: Ball
1-0: Ball
2-0: Called Strike
2-1: Foul Ball, location: 2F
2-2: Grounds into double play, 4-6-3 (Groundball, 4)
Sisto Pagnamenta scores
Joey Coco to third
Batting: SHB Jasper Morrison 0-0: Ball
1-0: Ball
2-0: Ball
3-0: Called Strike
3-1: Base on Balls
Batting: RHB Gary Chalmers 0-0: Ball
1-0: Ball
2-0: Swinging Strike
2-1: Foul Ball, location: 2F
2-2: Strikes out looking
Top of the 6th over - 1 run, 3 hits, 0 errors, 2 left on base; Port Royal 20 - Hamilton 0
BOTTOM OF THE 6TH
Hamilton Coyotes batting - Pitching for Port Royal Disaster : LHP Magnus Scheving
Batting: LHB Ed Mellor 0-0: SINGLE (Line Drive, 4D)
Batting: LHB Scot Willis 0-0: Ball
1-0: Foul Ball, location: 2F
1-1: Fly out, F4 (Line Drive, 4)
Batting: RHB Jim Scott 0-0: Ball
Pickoff Throw to First - Out!
1-0: Ball
2-0: Ball
3-0: Called Strike
3-1: Fly out, F6 (Flyball, 56D)
Bottom of the 6th over - 0 runs, 1 hit, 0 errors, 0 left on base; Port Royal 20 - Hamilton 0
TOP OF THE 7TH
Port Royal Disaster batting - Pitching for Hamilton Coyotes : LHP Francisco Jiménez
Batting: LHB Bob Daugherty 0-0: SINGLE (Groundball, 34S) (infield hit)
Pitching: RHP Neal Davis
Batting: LHB Spencer Powell 0-0: Fly out, F9 (Line Drive, 9D)
Now in LF: Warren Martin
Batting: RHB Steve Bock 0-0: Swinging Strike
0-1: Ball
1-1: Ball
2-1: Ball
3-1: Base on Balls
Bob Daugherty to second
Pinch Hitting: RHB Michael Brannon 0-0: Ball
1-0: Foul Ball, location: 2F
1-1: Foul Ball, location: 2F
1-2: SINGLE (Line Drive, 6MD)
Bob Daugherty to third
Steve Bock to second
Batting: LHB Joey Coco 0-0: Ball
1-0: Ball
2-0: Ball
3-0: Called Strike
3-1: Base on Balls
Bob Daugherty scores
Steve Bock to third
Michael Brannon to second
Batting: LHB Vicente Gonzáles 0-0: Called Strike
0-1: Ball
1-1: Ball
2-1: DOUBLE (Line Drive, 89XD)
Steve Bock scores
Michael Brannon scores
Joey Coco to third
Batting: RHB Richard Cutshall 0-0: Called Strike
0-1: Ball
1-1: SINGLE (Groundball, 4MD)
Joey Coco scores
Vicente Gonzáles to third
Runner from 3rd tries for Home, SAFE, throw made home
Batting: SHB Jasper Morrison 0-0: Ball
1-0: Ball
2-0: Fly out, F8 (Flyball, 89D)
Batting: RHB Gary Chalmers 0-0: Ball
1-0: Foul Ball, location: 2F
1-1: Ball
2-1: Ball
3-1: SINGLE (Line Drive, 9S)
Richard Cutshall to second
Batting: LHB Bob Daugherty 0-0: Ball
1-0: Ball
2-0: Ball
3-0: Base on Balls
Richard Cutshall to third
Gary Chalmers to second
Batting: LHB Spencer Powell 0-0: Fly out, F5 (Popup, 5F)
Top of the 7th over - 5 runs, 5 hits, 0 errors, 3 left on base; Port Royal 25 - Hamilton 0
BOTTOM OF THE 7TH
Hamilton Coyotes batting - Pitching for Port Royal Disaster : LHP Magnus Scheving
Now at 3B: Michael Brannon
Batting: SHB Martín Marrero 0-0: Called Strike
0-1: Foul Ball, location: 2F
0-2: Strikes out swinging
Batting: RHB Júlio Robles 0-0: Ball
1-0: Called Strike
1-1: Swinging Strike
1-2: Ball
2-2: Hit by Pitch
Batting: RHB Gerald Mills 0-0: Foul Ball, location: 2F
0-1: Ball
1-1: Called Strike
Júlio Robles steals 2nd base
1-2: Foul Ball, location: 2F
1-2: Fly out, F8 (Flyball, 8LXD)
Runner from 2nd tags up, SAFE at 3rd, no throw
Batting: LHB Tony Rodríguez 0-0: Ball
1-0: Foul Ball, location: 2F
1-1: Fly out, F9 (Flyball, 89D)
Bottom of the 7th over - 0 runs, 0 hits, 0 errors, 1 left on base; Port Royal 25 - Hamilton 0
TOP OF THE 8TH
Port Royal Disaster batting - Pitching for Hamilton Coyotes : RHP Neal Davis
Pinch Hitting: RHB Manuel Becerra 0-0: Called Strike
0-1: Ball
1-1: Swinging Strike
1-2: Strikes out looking
Batting: RHB Michael Brannon 0-0: Swinging Strike
0-1: Ball
1-1: Ball
2-1: Called Strike
2-2: Foul Ball, location: 2F
2-2: Foul Ball, location: 2F
2-2: SINGLE (Flyball, 78S)
Batting: LHB Joey Coco 0-0: Called Strike
0-1: DOUBLE (Line Drive, 9LM)
Michael Brannon to third
Batting: LHB Vicente Gonzáles 0-0: SINGLE (Groundball, 3D)
Michael Brannon scores
Joey Coco to third
Runner from 3rd tries for Home, throw and OUT!
Batting: RHB Richard Cutshall 0-0: Foul Ball, location: 2F
0-1: Ball
1-1: Foul Ball, location: 2F
1-2: Ball
2-2: Ball
3-2: Foul Ball, location: 2F
3-2: Foul Ball, location: 2F
3-2: Base on Balls
Vicente Gonzáles to second
Pinch Hitting: RHB Hieu De 0-0: Foul Ball, location: 2F
0-1: Foul Ball, location: 2F
0-2: Fielders Choice at 2nd, 5-4 (Groundball, 56)
Top of the 8th over - 1 run, 3 hits, 0 errors, 2 left on base; Port Royal 26 - Hamilton 0
BOTTOM OF THE 8TH
Hamilton Coyotes batting - Pitching for Port Royal Disaster : LHP Magnus Scheving
Now at 2B: José Vázquez
Now in RF: Manuel Becerra
Batting: RHB Warren Martin 0-0: Ball
1-0: Ball
2-0: Ball
3-0: Called Strike
3-1: Fly out, F8 (Flyball, 8RD)
Batting: RHB Duane Wills 0-0: Ball
1-0: Ball
2-0: Called Strike
2-1: Swinging Strike
2-2: Ball
3-2: Strikes out looking
Batting: LHB Ed Mellor 0-0: Called Strike
0-1: Foul Ball, location: 2F
0-2: Ball
1-2: Ball
2-2: Fly out, F8 (Flyball, 8LS)
Bottom of the 8th over - 0 runs, 0 hits, 0 errors, 0 left on base; Port Royal 26 - Hamilton 0
TOP OF THE 9TH
Port Royal Disaster batting - Pitching for Hamilton Coyotes : RHP Neal Davis
Batting: RHB Gary Chalmers 0-0: Called Strike
0-1: SINGLE (Groundball, 6MD)
Pitching: LHP Jason Schneider
Batting: LHB Bob Daugherty 0-0: Ball
1-0: Called Strike
1-1: Ball
2-1: Ball
3-1: Grounds into double play, 5-4-3 (Groundball, 5)
Batting: LHB Spencer Powell 0-0: Called Strike
0-1: Ball
1-1: Ball
2-1: Called Strike
2-2: Ball
3-2: Base on Balls
Batting: RHB Manuel Becerra 0-0: Foul Ball, location: 2F
0-1: Fielders Choice at 2nd, 6-4 (Groundball, 6)
Top of the 9th over - 0 runs, 1 hit, 0 errors, 1 left on base; Port Royal 26 - Hamilton 0
BOTTOM OF THE 9TH
Hamilton Coyotes batting - Pitching for Port Royal Disaster : LHP Magnus Scheving
Now at C: Aurelio Jiménez
Now at 3B: Ryan Faulkner
Batting: LHB Scot Willis 0-0: Called Strike
0-1: Ball
1-1: Swinging Strike
1-2: Ground out 1-3 (Groundball, 13)
Batting: RHB Jim Scott 0-0: Called Strike
0-1: Called Strike
0-2: SINGLE (Line Drive, 6MD)
Pitching: LHP Paco Salazar
Batting: SHB Martín Marrero 0-0: Ball
1-0: Swinging Strike
1-1: Swinging Strike
1-2: Ball
2-2: DOUBLE (Flyball, 89XD)
Jim Scott to third
Batting: RHB Júlio Robles 0-0: Swinging Strike
0-1: Ball
1-1: Foul Ball, location: 2F
1-2: Ball
2-2: Strikes out swinging
Batting: RHB Gerald Mills 0-0: Called Strike
0-1: Ball
1-1: Called Strike
1-2: Strikes out looking
Bottom of the 9th over - 0 runs, 2 hits, 0 errors, 2 left on base; Port Royal 26 - Hamilton 0
Saturday, December 22nd, 2018 - OOTP Baseball 18.8 Build 76